 Dungeon Crawl Stone Soup version 0.31-a0-1005-gfbdfbacc72 (webtiles) character file.

Game seed: 7647600584984494225

37 Queen the Chopper (level 3, -3/28 HPs)
             Began as a Demonspawn Gladiator on Nov 11, 2023.
             Was an Initiate of Gozag.
             Slain by Grinder (5 damage)
             ... on level 3 of the Dungeon.
             The game lasted 00:06:21 (1582 turns).

Queen the Chopper (Demonspawn Gladiator)            Turns: 1582, Time: 00:06:22

Health: -3/28      AC:  5    Str: 16    XL:     3   Next: 23%
Magic:  3/3        EV: 12    Int:  9    God:    Gozag
Gold:   45         SH:  0    Dex: 14    Spells: 2/2 levels left

rFire   . . .        a - +0 war axe
rCold   + . .        (no shield)
rNeg    . . .        l - +1 leather armour {rC+}
rPois   .            (helmet restricted)
rElec   .            (no cloak)
rCorr   .            (no gloves)
SInv    .            n - +0 pair of boots
Will    .....        (no amulet)
Stlth   +            (no ring)
HPRegen 0.24/turn    (no ring)
MPRegen 0.08/turn

%: no passive effects
@: no status effects
A: horns 1
a: Renounce Religion, Potion Petition, Call Merchant, Bribe Branch


You were on level 3 of the Dungeon.
You worshipped Gozag.
Gozag was noncommittal.
You visited 1 branch of the dungeon, and saw 3 of its levels.

You collected 149 gold pieces.
You spent 45 gold pieces at shops.
You paid 59 gold pieces to Gozag.

Inventory:

Hand Weapons
 a - a +0 war axe (weapon)
Missiles
 e - 7 javelins
Armour
 l - a +1 leather armour of cold resistance (worn)
 n - a +0 pair of boots (worn)
Jewellery
 b - a ring of protection from cold
 p - an amulet of guardian spirit
Scrolls
 f - 4 scrolls of identify {unknown}
 h - a scroll of enchant weapon {unknown}
 i - a scroll of noise {unknown}
 o - a scroll of teleportation {unknown}
 r - a scroll of fog {unknown}
Potions
 c - a potion of berserk rage {unknown}
 j - a potion of invisibility {unknown}
 k - a potion of lignification {unknown}
 m - a potion of might {unknown}
 q - a potion of resistance {unknown}


   Skills:
 + Level 2.3 Fighting
 * Level 3.2 Axes
 + Level 2.1 Throwing
 + Level 3.0 Dodging


You had 2 spell levels left.
You didn't know any spells.
Your spell library contained the following spells:

 Spells                   Type           Power      Damage    Failure   Level
 Magic Dart               Conj           0%         1d3       45%         1
 Sting                    Tmut/Pois      0%         1d3       45%         1
 Call Imp                 Summ           0%         N/A       58%         2
 Poisonous Vapours        Pois/Air       0%         N/A       58%         2
 Mephitic Cloud           Conj/Pois/Air  0%         N/A       83%         3
 Olgreb's Toxic Radiance  Pois           0%         N/A       99%         4


Dungeon Overview and Level Annotations

Branches:
Dungeon (3/15)

Altars:
Gozag

Shops:
D:1 [

Annotations:
D:3 Grinder


Innate Abilities, Weirdness & Mutations

You have a pair of small horns on your head.


Message History

Aim: Grinder (lightly wounded, 53% to hit)
You throw a poisoned dart.
The poisoned dart closely misses Grinder.
Throw: 2 darts (poison)
Press: ? - help, Q - select action, (/) - cycle Shift-Dir - straight line, f/p - Grinder
Aim: Grinder (lightly wounded, 53% to hit)
You throw a poisoned dart. The poisoned dart hits Grinder.
Grinder is lightly wounded.
Throw: dart (poison)
Press: ? - help, Q - select action, (/) - cycle Shift-Dir - straight line, f/p - Grinder
Aim: Grinder (lightly wounded, 53% to hit)
You throw a poisoned dart. The poisoned dart hits Grinder.
Grinder is lightly wounded.
Throw: throwing net
Press: ? - help, Shift-Dir - straight line, f/p - Grinder
Aim: Grinder (lightly wounded, 53% to hit)
You throw a throwing net.
The throwing net closely misses Grinder.
Grinder gestures at you.
You suddenly lose the ability to move!
Grinder hits you. x2
You writhe in agony.
Grinder gestures at you. Pain shoots through your body!
You can move again.
Unknown command.
You closely miss Grinder.
Grinder is lightly wounded.
Grinder barely misses you.
You hit Grinder.
Grinder is lightly wounded.
Grinder barely misses you.
You hit Grinder but do no damage.
Grinder is lightly wounded.
Grinder hits you!
* * * LOW HITPOINT WARNING * * *
You writhe in agony.
You die...
Grinder says, "Now the real fun starts!"
Your body crumbles into a pile of gold.

####### ##### #((...# #...# #.
####._...##########...####
#...##.(((().5@........'...'...
#..>...##.....##.......#...####
#...#####.....##.......#...# #
#.. ################...# # #.
##### # # # # # #


You could see Grinder.

Vanquished Creatures
  A worm (D:2)
  2 endoplasms (D:1)
  A giant cockroach (D:1)
  2 goblins (D:1)
  3 hobgoblins (D:2)
  4 jackals (D:1)
  3 quokkas
  3 ball pythons
  6 bats
  2 frilled lizards (D:2)
  A kobold (D:1)
  6 rats
34 creatures vanquished.

Notes
Turn   | Place    | Note
-------+----------+-------------------------------------------
     0 | D:1      | Queen the Demonspawn Gladiator began the quest for the Orb.
     0 | D:1      | Reached XP level 1. HP: 16/16 MP: 1/1
   421 | D:1      | Gained mutation: You have a pair of small horns on your
                  | head. [demonic ancestry]
   421 | D:1      | Reached XP level 2. HP: 21/22 MP: 2/2
   509 | D:1      | Found Secs's Armour Shoppe.
   973 | D:2      | Reached XP level 3. HP: 24/28 MP: 3/3
  1411 | D:1      | Bought a +0 pair of boots for 45 gold pieces
  1526 | D:3      | Found an opulent altar of Gozag.
  1537 | D:3      | Became a worshipper of Gozag Ym Sagoz the Greedy
  1542 | D:3      | Noticed Grinder
  1550 | D:3      | Paralysed by Grinder for 5 turns
  1574 | D:3      | Paralysed by Grinder for 5 turns
  1582 | D:3      | Slain by Grinder

Illustrated notes

Levels and vault maps discovered:
D:1:      psy_arrival_spokes, layout_loops_ring, serial_shops,
          nicolae_shop_temple_entry_statues_fountains,
          dreamdust_princess_corridor, minmay_fountain_box
D:2:      layout_rooms, kennysheep_potato
D:3:      layout_basic, overflow_temple_1_default, serial_shops, shop,
          minmay_lizard_king, uniq_grinder

Skill      XL: |  1  2  3 |
---------------+----------+-----
Axes           | 3 |  3.2
Throwing       | 2 |  2.1
Dodging        | 3 |  3.0
Fighting       | |  2.3

Action                     || total
---------------------------++-------
  Melee: War axe           ||    93
         Headbutt          ||    13
  Throw: Dart              ||    16
         Throwing net      ||     3
   Stab: Held in net/web   ||     1
 Armour: Leather armour    ||    61
  Dodge: Dodged            ||    78

Table legend: (Time is in decaauts)
 A = Elapsed time spent in this place.
 B = Non-inter-level travel time spent in this place.
 C = Inter-level travel time spent in this place.
 D = Time resting spent in this place.
 E = Time spent auto-exploring this place.
 F = Levels seen in this place.
 G = Mean time per level.
                   A        B        C        D        E       F      G
               +--------+--------+--------+--------+--------+-----+--------+
         Total |   1614 |   1378 |    236 |      0 |   1003 |   3 |  538.0 |
       Dungeon |   1614 |   1378 |    236 |      0 |   1003 |   3 |  538.0 |
               +--------+--------+--------+--------+--------+-----+--------+

Top non-repeatable levels by time:
     D:1: 929 daAuts
     D:2: 562 daAuts
     D:3: 122 daAuts
